 Dungeon Crawl Stone Soup version 0.30.1-1-g62c8e00024 (webtiles) character file.

Game seed: 17327224027662604820

52 monsoonserge the Insei (level 3, 0/23 HPs)
             Began as an Octopode Transmuter on July 17, 2023.
             Slain by a gnoll
             ... wielding a +0 spear
              (10 damage)
             ... on level 3 of the Dungeon.
             The game lasted 00:04:22 (2052 turns).

monsoonserge the Insei (Octopode Transmuter)        Turns: 2052, Time: 00:04:23

Health: 0/23       AC:  1    Str: 11    XL:     3   Next: 85%
Magic:  5/6        EV: 13    Int: 15    God:
Gold:   105        SH:  0    Dex: 18    Spells: 3/6 levels left

rFire   + . .        a - +5 sling of Pail {drain, rF+ rN++}
rCold   . . .        (no shield)
rNeg    + + .        (helmet currently unavailable)
rPois   .            (no amulet)
rElec   .            b - +6 ring of dexterity
rCorr   .            (no ring)
SInv    .            (no ring)
Will    .....        (no ring)
Stlth   +++          (no ring)
HPRegen 0.23/turn    (no ring)
MPRegen 0.10/turn    (no ring)
                     (no ring)

%: no passive effects
@: appendages (expiring)
A: tentacle spike 3, almost no armour, amphibious, 8 rings, camouflage 1,
gelatinous body 1, (nimble swimmer 1), tentacles
a: End Transformation


You were on level 3 of the Dungeon.
One of your tentacles had grown a beastly spike.
You visited 1 branch of the dungeon, and saw 3 of its levels.

You collected 105 gold pieces.

Inventory:

Hand Weapons
 a - the +5 sling of Pail (weapon) {drain, rF+ rN++}
   (You found it on level 2 of the Dungeon)

   rF:        It protects you from fire.
   rN:        It greatly protects you from negative energy.
Armour
 j - an orb of guile
Jewellery
 b - a +6 ring of dexterity (left tentacle)
 c - a ring of protection from cold
Scrolls
 e - a scroll of enchant armour {unknown}
 f - 3 scrolls of identify {unknown}
 g - a scroll of blinking {unknown}
 h - 2 scrolls of enchant weapon {unknown}
 i - a scroll of poison {unknown}
 m - a scroll of vulnerability {unknown}
 n - a scroll of teleportation {unknown}
 o - a scroll of silence {unknown}
Potions
 d - 2 potions of berserk rage {unknown}
 k - 2 potions of degeneration {unknown}
 l - a potion of lignification


   Skills:
 - Level 1.0 Fighting
 + Level 0.2 Ranged Weapons
 - Level 2.0 Dodging
 - Level 2.0 Stealth
 * Level 4.3 Unarmed Combat
 - Level 2.0 Spellcasting
 - Level 2.0 Transmutations


You had 3 spell levels left.
You knew the following spells:

 Your Spells              Type           Power      Damage    Failure   Level
a - Beastly Appendage     Tmut           14%        N/A       10%         1
b - Wereblood             Tmut           7%         N/A       14%         2

Your spell library contained the following spells:

 Spells                   Type           Power      Damage    Failure   Level
 Magic Dart               Conj           4%         1d3       22%         1
 Searing Ray              Conj           2%         2d4       32%         2
 Spider Form              Tmut/Pois      4%         N/A       41%         3
 Ice Form                 Ice/Tmut       4%         N/A       82%         4
 Fulminant Prism          Conj/Hex       0%         3d5       91%         4
 Fireball                 Conj/Fire      0%         3d3       99%         5
 Iskenderun's Battlesphe  Conj           1%         2d6       99%         5
 Conjure Ball Lightning   Conj/Air       0%         3x3d6     100%        6
 Orb of Destruction       Conj           0%         9d5       100%        7


Dungeon Overview and Level Annotations

Branches:
Dungeon (3/15)

Altars:


Innate Abilities, Weirdness & Mutations

One of your tentacles has grown a beastly spike.
You cannot wear most types of armour.
You are amphibious.
You can wear up to eight rings at the same time.
Your skin changes colour to match your surroundings (Stealth+).
Your rubbery body absorbs attacks. (AC +1, EV +1)
((You are camouflaged when in or above water. (Stealth+)))
You have tentacles for arms and can constrict up to eight enemies at once.


Message History

There is a stone staircase leading down here.
Found a stone staircase leading up.
You see here a +0 helmet.
You open the door.
A quokka comes into view.
Found a ring mail.
You shoot a sling bullet. The sling bullet hits the quokka!
You kill the quokka!
There is an open door here.
You open the door.
There is an open door here.
A rat and 3 gnolls come into view.
Found 7 gold pieces.
The gnoll shouts!
A gnoll comes into view. It is wielding a +0 club.
You shoot a sling bullet.
The sling bullet closely misses the gnoll.
The gnoll shouts! x2
You shoot a sling bullet. The sling bullet hits the rat!
You kill the rat!
You shoot a sling bullet. The sling bullet hits the gnoll!
You drain the gnoll.
You kill the gnoll!
You shoot a sling bullet.
The sling bullet completely misses the gnoll.
The gnoll hits you with a +0 whip.
Casting: Beastly Appendage (safe; 10% risk of failure)
Confirm with . or Enter, or press ? or * to list all spells.
One of your tentacles grows a vicious spike.
You shoot a sling bullet. The sling bullet hits the gnoll.
You drain the gnoll.
The gnoll is severely wounded.
The gnoll hits you from afar with a +0 spear.
You shoot a sling bullet. The sling bullet hits the gnoll.
The gnoll is almost dead.
The gnoll hits you with a +0 club. The gnoll closely misses you.
You shoot a sling bullet.
The sling bullet barely misses the gnoll.
Your transformation is almost over.
The gnoll misses you. The gnoll hits you with a +0 club.
The gnoll hits you from afar with a +0 spear!
You die...

####...+ ......
###......######......
#......[.............
#............#.......
.#......#............. .
........#.(####'######
#...###g.....###.....##
...†)..gg....####.....##
.......#@....#.###.....##
.......#.....#..###.....#
#.$.####.....'...###.....
#.. #.....#....####'## #.
#.....#.....#..... #
#.....##....#..[†.
#.....###...'.....
####..####..#.....
#..#.###.#.....


You could see 3 gnolls.

Vanquished Creatures
  A gnoll (D:3)
  A worm (D:2)
  3 ball pythons
  3 endoplasms
  5 hobgoblins
  2 quokkas
  5 bats
  4 frilled lizards
  7 goblins
  3 kobolds
  5 rats
39 creatures vanquished.

Notes
Turn   | Place    | Note
-------+----------+-------------------------------------------
     0 | D:1      | monsoonserge the Octopode Transmuter began the quest for
                  | the Orb.
     0 | D:1      | Reached XP level 1. HP: 13/13 MP: 3/3
     2 | D:1      | Noticed an octopode
     2 | D:1      | Noticed a spriggan
     4 | D:1      | Noticed a meteoran
     4 | D:1      | Noticed a demonspawn
     6 | D:1      | Noticed a demigod
     8 | D:1      | Noticed a troll
    10 | D:1      | Noticed a merfolk
    10 | D:1      | Noticed a tengu
    12 | D:1      | Noticed a minotaur
    12 | D:1      | Noticed a human
    14 | D:1      | Noticed a draconian
    14 | D:1      | Noticed an elf
    16 | D:1      | Noticed an armataur
    18 | D:1      | Noticed a formicid
    18 | D:1      | Noticed an ogre
    20 | D:1      | Noticed a vampire
    20 | D:1      | Noticed a ghoul
    22 | D:1      | Noticed a felid
    22 | D:1      | Noticed a naga
    24 | D:1      | Noticed a gargoyle
    24 | D:1      | Noticed a meteoran
    26 | D:1      | Noticed a tengu
    26 | D:1      | Noticed a merfolk
   246 | D:1      | Reached XP level 2. HP: 14/18 MP: 3/5
   611 | D:1      | Learned a level 2 spell: Wereblood
   711 | D:2      | Found a faded altar of an unknown god.
   714 | D:2      | Reached skill level 1 in Stealth
  1215 | D:2      | Reached XP level 3. HP: 23/23 MP: 4/6
  1333 | D:2      | Identified the +5 sling of Pail {drain, rF+ rN++}
  1577 | D:2      | Reached skill level 4 in Unarmed Combat
  2052 | D:3      | Slain by a gnoll

Illustrated notes

Levels and vault maps discovered:
D:1:      kb_arrival_jail, layout_basic, minmay_misc_feat_five,
          nrook_mini_backslash, minivault_27
D:2:      layout_basic, ebering_ecumenical_altar_abandoned, nicolae_eternal_life
D:3:      layout_basic, general_overflow_altar, minmay_misc_feat_pillars,
          minmay_quadrilaterals

Skill      XL: |  1  2  3 |
---------------+----------+-----
Stealth        | 1 2 |  2.0
Unarmed Combat | 4 |  4.3
Fighting       | |  1.0
Ranged Weapons | |  0.2
Dodging        | |  2.0
Spellcasting   | |  2.0
Transmutations | |  2.0

Action                     || total
---------------------------++-------
  Melee: Unarmed           ||    41
         Tentacles         ||    10
         Constrict         ||    10
         Kick              ||     3
   Fire: Sling             ||    22
   Cast: Beastly Appendage ||    18
   Stab: Sleeping          ||     7
 Armour: Skin              ||     2
  Dodge: Dodged            ||    23
